 Dungeon Crawl Stone Soup version 0.18-a0-775-g4d9e04e (webtiles) character file.

1306 4thArraOfDagon the Chopper (level 8, -1/66 HPs)
             Began as a Centaur Air Elementalist on Dec 13, 2015.
             Was a Priest of Okawaru.
             Slain by a porcupine (2 damage)
             ... on level 10 of the Dungeon.
             The game lasted 00:14:45 (2841 turns).

4thArraOfDagon the Chopper (CeAE)                   Turns: 2841, Time: 00:14:45

Health: -1/66      AC: 10    Str: 11    XL:     8   Next: 32%
Magic:  9/11       EV:  9    Int: 15    God:    Okawaru [***...]
Gold:   282        SH:  0    Dex: 11    Spells: 3 memorised, 5 levels left

rFire  . . .     SeeInvis .     d - +3 hand axe (freeze)
rCold  . . .     Clarity  .     j - +0 scale mail {rPois}
rNeg   . . .     SustAt   .     (no shield)
rPois  +         Gourm    .     k - +0 helmet
rElec  .         Spirit   .     e - +0 cloak
rCorr  .         Dismiss  .     (no gloves)
rMut   .         Stasis   .     (no barding)
MR     .....                    (no amulet)
Stlth  +.........               (no ring)
                                (no ring)

@: heroism, flying (expiring), very quick, not resistant to hostile
enchantments, very unstealthy
A: hooves 3, deformed body, speed 2, tough skin 3
a: Heroism, Renounce Religion


You were on level 10 of the Dungeon.
You worshipped Okawaru.
Okawaru was most pleased with you.
You were not hungry.

You visited 1 branch of the dungeon, and saw 10 of its levels.

You collected 378 gold pieces.
You spent 96 gold pieces at shops.

Inventory:

Hand Weapons
 d - a +3 hand axe of freezing (weapon)
 q - a +0 blowgun
Missiles
 r - 39 poisoned needles
Armour
 e - a +0 cloak (worn)
 j - a +0 scale mail of poison resistance (worn)
 k - a +0 helmet (worn)
Wands
 h - a wand of disintegration (23)
Scrolls
 i - a scroll of enchant weapon
 m - 2 scrolls of remove curse
 t - a scroll of torment {unknown}
 u - a scroll of magic mapping {unknown}
Potions
 n - a potion of flight
 o - 2 potions of berserk rage
 p - a potion of brilliance
 s - 2 potions of resistance
 x - a potion of curing
Books
 b - a book of Air

   Spells                             Type                      Level
   a - Shock                          Conjuration/Air              1
   b - Swiftness                      Charms/Air                   2
   c - Repel Missiles                 Charms/Air                   2
   d - Static Discharge               Conjuration/Air              3
   e - Lightning Bolt                 Conjuration/Air              5
Miscellaneous
 w - an ornate deck of wonders {drawn: 1}
Comestibles
 a - 3 chunks of flesh
 c - 2 bread rations
 f - 2 meat rations
 g - a royal jelly
 l - 2 beef jerkies
 v - 2 fruits


   Skills:
 + Level 4.2(9.2) Fighting
 * Level 5.5(10.5) Axes
 + Level 3.1(8.1) Armour
 - Level 1.3(6.3) Dodging
 - Level 1.2(6.2) Stealth
 - Level 1.5 Spellcasting
 - Level 2.0 Conjurations
 - Level 3.3 Air Magic
 + Level 4.0 Invocations


You had 5 spell levels left.
You knew the following spells:

 Your Spells              Type           Power        Failure   Level  Hunger
a - Shock                 Conj/Air       #...         34%         1    ##.....
b - Repel Missiles        Chrm/Air       #.....       80%         2    ###....
c - Swiftness             Chrm/Air       #.......     80%         2    ###....


Dungeon Overview and Level Annotations

Branches:
Dungeon (10/15)            Temple (0/1) D:5
   Lair: D:8-11         Orc: D:9-12

Altars:
Ashenzari
Okawaru
Sif Muna
Yredelemnul
Zin
The Shining One

Shops:
D:4 [

Annotations:
D:3 ThereIsNoGod's ghost, amateur MiFi
D:5 4thArraOfDagon's ghost, amateur NaCK
D:6 Pikel; Sigmund


Innate Abilities, Weirdness & Mutations

You have hooves in place of feet.
Armour fits poorly on your strangely shaped body.
You cover ground very quickly.
You have extremely tough skin (AC +3).


Message History

Aim: a hill giant, wielding a giant club (raging winds, almost dead) Attack!
The yak bellows!
The vortex of raging winds lifts you up.
You fly up into the air.
* * * LOW HITPOINT WARNING * * *
Unknown command.
Unknown command.
Unknown command.
The hill giant dies!
Okawaru is honoured by your kill.
Your base Fighting skill increases to level 4!
Your base Axes skill increases to level 5!
Your base Armour skill increases to level 3!
Your Invocations skill increases to level 4!
You have reached level 8!
You feel agile.
* * * LOW HITPOINT WARNING * * *
The porcupine bites you.
You die...

#........###
#..........#
#..........# .#
#..........# .8
#..........# .#
#......§<..#
.##
+........§.# .8
#........§§# .#
#......@§.§##'#
#######r##§v§(#
#..###### .#+#
YP Y.. ....
tP.♣. ..r.P.


You could see a porcupine and a friendly twister.

Vanquished Creatures
  An ogre (D:8)
  2 giant frogs
  A big kobold (D:6)
  A scorpion (D:6)
  2 crimson imps (D:8)
  A giant frog skeleton (D:5)
  A giant frog zombie (D:10)
  A hound (D:6)
  An iguana (D:9)
  4 orc wizards
  2 worker ants
  2 hound zombies
  A hound skeleton (D:4)
  Robin (D:3)
  An adder (D:6)
  A shadow imp (D:5)
  2 oozes
  A worm (D:3)
  4 giant geckos
  7 orcs
  5 giant cockroaches
  14 goblins
  6 hobgoblins
  13 jackals
  26 kobolds
  A quokka (D:4)
  A ball python (D:4)
  14 bats
  A giant gecko skeleton (D:4)
  3 giant newts
  5 rats
  2 plants (D:6)
128 creatures vanquished.

Vanquished Creatures (collateral kills)
  A hill giant (D:10)
1 creature vanquished.

Vanquished Creatures (others)
  A giant cockroach (D:4)
  A fungus (D:10)
  3 plants (D:10)
5 creatures vanquished.

Grand Total: 134 creatures vanquished

Notes
Turn   | Place    | Note
--------------------------------------------------------------
     0 | D:1      | 4thArraOfDagon the Centaur Air Elementalist began the quest for the Orb.
     0 | D:1      | Reached XP level 1. HP: 14/14 MP: 3/3
     7 | D:1      | Reached skill level 1 in Conjurations
    85 | D:1      | Reached XP level 2. HP: 15/20 MP: 4/4
    90 | D:1      | Reached skill level 3 in Air Magic
   171 | D:2      | Found a deep blue altar of Sif Muna.
   174 | D:2      | Found a basalt altar of Yredelemnul.
   258 | D:2      | Reached XP level 3. HP: 19/26 MP: 5/5
   276 | D:2      | Learned a level 2 spell: Repel Missiles
   302 | D:2      | Found a glowing golden altar of the Shining One.
   305 | D:2      | Found an iron altar of Okawaru.
   312 | D:2      | Became a worshipper of Warmaster Okawaru
   425 | D:1      | You fall through a shaft!
   593 | D:3      | Reached skill level 1 in Axes
   657 | D:3      | Noticed Robin
   675 | D:3      | Reached skill level 1 in Fighting
   873 | D:1      | Reached XP level 4. HP: 20/35 MP: 6/6
   945 | D:3      | Killed Robin
  1106 | D:3      | Noticed ThereIsNoGod's ghost (amateur MiFi)
  1230 | D:4      | Found Xioli's Armour Shoppe.
  1267 | D:5      | Entered Level 5 of the Dungeon
  1275 | D:5      | Learned a level 2 spell: Swiftness
  1413 | D:4      | Reached XP level 5. HP: 37/41 MP: 7/7
  1421 | D:4      | Reached skill level 1 in Invocations
  1590 | D:4      | Reached skill level 1 in Armour
  1621 | D:4      | Bought a +0 scale mail of poison resistance for 96 gold pieces
  1728 | D:5      | Found a staircase to the Ecumenical Temple.
  1777 | D:5      | Found a shattered altar of Ashenzari.
  1919 | D:6      | Noticed Pikel
  1919 | D:6      | Noticed a slave
  1919 | D:6      | Noticed a slave
  1919 | D:6      | Noticed a slave
  1919 | D:6      | Noticed a slave
  1919 | D:6      | Noticed Sigmund
  1987 | D:5      | Noticed 4thArraOfDagon's ghost (amateur NaCK)
  2037 | D:6      | Reached * piety under Okawaru
  2044 | D:6      | Reached XP level 6. HP: 46/50 MP: 8/8
  2325 | D:6      | Found a glowing silver altar of Zin.
  2511 | D:7      | Reached XP level 7. HP: 20/57 MP: 6/9
  2678 | D:8      | Reached skill level 4 in Axes
  2787 | D:10     | Entered Level 10 of the Dungeon
  2793 | D:10     | Reached ** piety under Okawaru
  2805 | D:10     | Noticed a yak
  2823 | D:10     | Noticed a hill giant
  2832 | D:10     | HP: 2/57 [hill giant/giant club (34)]
  2837 | D:10     | Noticed a yak
  2840 | D:10     | HP: 2/57 [twister/tornado[a card of wild magic] (1)]
  2841 | D:10     | Killed a hill giant
  2841 | D:10     | Reached *** piety under Okawaru
  2841 | D:10     | Reached skill level 5 in Axes
  2841 | D:10     | Reached XP level 8. HP: 2/66 MP: 9/11
  2841 | D:10     | Slain by a porcupine

Vault maps used:
D:1:      dpeg_arrival_subterranean_lakeside_camping
D:2:      amethyst_overflow_temple_binary, nicolae_overflow_hidden_temple,
          serial_glass, glass_columns_a, glass_columns_c
D:3:      ecumenical_altar_1, uniq_robin
D:4:      first_bread, serial_shops, nicolae_shop_stone, lemuel_old_faithful
D:5:      nicolae_ashenzari_panopticon, minmay_temple_entry_statues_fountains,
          portal_sewer_entry_b
D:6:      kennysheep_kobold_camp, zin_scriptorium, cheibrodos_worm_habitat,
          nicolae_overflow_crystal_walls, uniq_pikel, uniq_sigmund
D:7:      the_bakery, kennysheep_generic_room_9
D:8:      minmay_misc_feat_tower, minmay_liquid_box, amalloy_card_club
D:9:      uniq_grum
D:10:     minmay_lair_entry_grove, serial_shops, nicolae_shop_waterfront,
          dk_noncrumbling_2, abandoned_shop

Action                   |  1- 3 |  4- 6 |  7- 9 || total
-------------------------+-------+-------+-------++-------
Melee: Club              |     9 |       |       ||     9
       Mace              |    46 |       |       ||    46
       Hand axe          |    62 |   191 |    44 ||   297
 Cast: Shock             |     7 |     6 |       ||    13
       Repel Missiles    |     2 |       |       ||     2
Invok: Heroism           |       |     2 |     3 ||     5
Evoke: Wand              |       |     1 |       ||     1
       Deck              |       |       |     1 ||     1
  Use: Scroll            |       |     9 |     4 ||    13
  Eat: Chunk             |       |     5 |     1 ||     6
